 Dungeon Crawl Stone Soup version 0.29-a0-43-g62a80824bf (webtiles) character file.

Game seed: 7117521474390089021

4 Hubjo the Cutter (level 1, 0/16 HPs)
             Began as a Vampire Warper on Feb 2, 2022.
             Frozen to death by an endoplasm (5 damage)
             ... on level 1 of the Dungeon.
             The game lasted 00:00:32 (143 turns).

Hubjo the Cutter (Vampire Warper)                    Turns: 143, Time: 00:00:32

Health: 0/16       AC:  3    Str: 10    XL:     1   Next: 50%
Magic:  3/3        EV: 11    Int: 15    God:
Gold:   24         SH:  0    Dex: 13    Spells: 4/4 levels left

rFire   . . .      SeeInvis +   a - +0 short sword
rCold   . . .      Faith    .   (no shield)
rNeg    . . .      Spirit   .   b - +0 leather armour
rPois   .          Reflect  .   (no helmet)
rElec   .          Harm     .   (no cloak)
rCorr   .          Rampage  .   (no gloves)
Will    .....                   (no boots)
Stlth   +.........              (no amulet)
HPRegen 0.25/turn               (no ring)
MPRegen 0.08/turn               (no ring)

@: healing quickly
A: alive, fangs 3, see invisible, vampiric 1
a: Exsanguinate


You were on level 1 of the Dungeon.
You visited 1 branch of the dungeon, and saw 1 of its levels.

You collected 24 gold pieces.

Inventory:

Hand Weapons
 a - a +0 short sword (weapon)
Missiles
 d - 5 boomerangs of dispersal (quivered)
Armour
 b - a +0 leather armour (worn)
Scrolls
 c - a scroll of blinking
 e - a scroll of teleportation {unknown}
 f - a scroll of identify {unknown}
Potions
 g - 2 potions of ambrosia {unknown}


   Skills:
 + Level 1.7 Fighting
 + Level 2.5 Short Blades
 + Level 0.7 Throwing
 + Level 0.7 Armour
 + Level 2.1 Dodging
 + Level 2.0 Spellcasting
 + Level 2.4 Translocations


You had 4 spell levels left.
You didn't know any spells.
Your spell library contained the following spells:

 Spells                   Type           Power      Damage    Failure   Level
 Blink                    Tloc           16%        N/A       17%         2
 Gell's Gravitas          Tloc           8%         N/A       32%         3
 Lesser Beckoning         Tloc           8%         N/A       32%         3
 Teleport Other           Tloc           8%         N/A       32%         3
 Manifold Assault         Tloc           8%         N/A       97%         5


Dungeon Overview and Level Annotations

Branches:
Dungeon (1/15)

Altars:

Shops:
D:1 [


Innate Abilities, Weirdness & Mutations

Your natural rate of healing is accelerated.
You have razor-sharp teeth.
You have supernaturally acute eyesight. (SInv)
You are afflicted with vampirism.


Message History

You hit the kobold.
You kill the kobold!
You see here a +0 short sword.
f - a scroll labelled QACVE WUFUMABE
g - 2 lumpy ruby potions HP restored.
There is an entrance to Hioc's Antique Armour Emporium here.
You see here a +0 short sword.
Found a buckler.
A hobgoblin comes into view.
The hobgoblin shouts!
The hobgoblin barely misses you.
You closely miss the hobgoblin. The hobgoblin closely misses you.
You closely miss the hobgoblin. The hobgoblin hits you.
You hit the hobgoblin.
The hobgoblin is heavily wounded.
The hobgoblin barely misses you.
You hit the hobgoblin but do no damage.
The hobgoblin is heavily wounded.
The hobgoblin closely misses you.
You hit the hobgoblin but do no damage.
The hobgoblin is heavily wounded.
The hobgoblin closely misses you.
You hit the hobgoblin.
You kill the hobgoblin!
A rat comes into view.
An endoplasm comes into view.
The endoplasm quivers.
The endoplasm barely misses you. The rat barely misses you.
You closely miss the rat. The rat bites you but does no damage.
The endoplasm freezes you.
You are frozen.
You closely miss the rat. The rat bites you. The endoplasm freezes you.
You are frozen.
You hit the rat but do no damage. The rat bites you but does no damage.
The endoplasm freezes you.
You are frozen.
You die...

... # #.# # #. #.# ##.
.##.# ... ...##.# .....
#r.# #@.# #. #.## #J.#
#.# #.##.##..###### #.#
#.##........... #.#
#.#####..###### #.# #.#
#..# #.# #.# #.##
######.###.#####.#######
......[.................


You could see an endoplasm and a rat.

Vanquished Creatures
  2 hobgoblins (D:1)
  A kobold (D:1)
  A rat (D:1)
4 creatures vanquished.

Notes
Turn   | Place    | Note
-------+----------+-------------------------------------------
     0 | D:1      | Hubjo the Vampire Warper began the quest for the Orb.
     0 | D:1      | Reached XP level 1. HP: 16/16 MP: 3/3
    29 | D:1      | Found Hioc's Antique Armour Emporium.
   143 | D:1      | Frozen to death by an endoplasm

Illustrated notes

Levels and vault maps discovered:
D:1:      dpeg_arrival_stone_temple_mockup, layout_loops_ring, serial_shops,
          nicolae_shop_advertising_works [nicolae_subvault_shop_adworks],
          minmay_hexomino_u4

Action                   || total
-------------------------++-------
Melee: Short sword       ||    22
Armor: Leather armour    ||     5
Dodge: Dodged            ||     9

Table legend: (Time is in decaauts)
 A = Elapsed time spent in this place.
 B = Non-inter-level travel time spent in this place.
 C = Inter-level travel time spent in this place.
 D = Time resting spent in this place.
 E = Time spent auto-exploring this place.
 F = Levels seen in this place.
 G = Mean time per level.
                   A        B        C        D        E       F      G
               +--------+--------+--------+--------+--------+-----+--------+
         Total |    142 |    115 |     27 |      0 |     73 |   1 |  142.0 |
       Dungeon |    142 |    115 |     27 |      0 |     73 |   1 |  142.0 |
               +--------+--------+--------+--------+--------+-----+--------+

Top non-repeatable levels by time:
     D:1: 142 daAuts
